Tamiflu vs Loups
Created - 15 novembre 2012 at 23:40
Goals
|
| Tamiflu |
0 |
1 |
0 |
1 |
| Loups |
2 |
2 |
3 |
7 |
|
Shots
|
| Tamiflu |
3 |
17 |
6 |
26 |
| Loups |
15 |
12 |
8 |
35 |
|
1st period
1. Loups , Jarret Stoll 1 (Troy Brouwer, Mike Weaver) at 3:04
2. Loups , Jarret Stoll 2 (Jack Skille, Troy Brouwer) at 8:15 (PP)
Penalties :
Troy Brouwer (Tou) for Holding (Minor) at 6:01, Petr Pohl (Det) for Hooking (Minor) at 7:29, Karlis Skrastins (Tou) for High sticking (Minor) at 18:46
2nd period
3. Tamiflu , Mike Brown 1 (Nate Thompson, Maxim Kondratiev) at 0:56 (PP)
4. Loups , Jack Skille 1 (Jarret Stoll, Sheldon Brookbank) at 1:12
5. Loups , Jack Skille 2 (Jarret Stoll, Troy Brouwer) at 6:33
Penalties :
Darroll Powe (Tou) for Tripping (Minor) at 0:21, Marcel Hossa (Det) for Hooking (Minor) at 1:21, Jonathan Tremblay (Tou) for High sticking (Minor) at 9:24, Jani Rita (Det) for Holding (Minor) at 12:32, Mike Weaver (Tou) for Hooking (Minor) at 17:53, Jonathan Sigalet (Det) for Hooking (Minor) at 17:53
3rd period
6. Loups , Troy Brouwer 1 (Sheldon Brookbank, Michael Leighton) at 5:37
7. Loups , Troy Brouwer 2 (Jarret Stoll, Garnet Exelby) at 11:55 (PP)
8. Loups , Jakub Voracek 1 (Nigel Dawes, Darroll Powe) at 18:37 (PP)
Penalties :
Petr Pohl (Det) for Slashing (Minor) at 1:09, Pavel Trnka (Det) for Hooking (Minor) at 11:20, Petr Pohl (Det) for Checking from behind (Major) at 17:22
Goalie Stats
Corey Crawford (Det), 28 saves from 35 shots - (0,800), L, 0-1-0, 60:00 minutes
Michael Leighton (Tou), 25 saves from 26 shots - (0,962), W, 1-0-0, 60:00 minutes
Players Stats for Tamiflu
Player Name G A P +/- PIM S H SB GA TA FO MP PP MP PK MP
------------------------------------------------------------------------------------
Alex Picard 0 0 0 -1 0 2 2 0 1 0 0/2 19:31 2:05 5:41
David Clarkson 0 0 0 0 0 2 1 1 0 0 0/0 10:53 0:00 2:13
Greg Mauldin 0 0 0 0 0 2 2 0 0 0 1/3 12:48 0:00 0:23
Jani Rita 0 0 0 0 2 0 1 0 0 0 0/0 11:43 0:00 0:19
Jonathan Sigalet 0 0 0 -1 2 2 3 1 0 1 0/0 23:18 3:42 3:27
Kyle Lawson 0 0 0 0 0 1 3 0 0 0 0/0 13:40 0:00 0:00
Marcel Hossa 0 0 0 -3 2 6 0 0 1 0 3/3 18:32 3:32 0:28
Matt Murley 0 0 0 0 0 0 0 0 1 0 0/0 8:34 0:00 0:00
Maxim Kondratiev 0 1 1 -2 0 1 4 0 0 1 0/0 27:02 3:42 5:51
Mike Brown 1 0 1 -1 0 3 1 0 1 0 0/1 12:25 2:05 0:00
Nate Thompson 0 1 1 -1 0 0 1 0 0 0 3/7 14:34 2:05 2:28
Nathan Oystrick 0 0 0 -1 0 2 0 0 0 2 0/0 15:18 0:00 0:20
Pavel Trnka 0 0 0 -2 2 1 1 2 0 0 0/0 20:48 1:55 5:37
Petr Pohl 0 0 0 -2 9 1 1 0 0 0 1/2 16:07 3:31 0:00
Pierre Dagenais 0 0 0 -1 0 0 2 0 0 1 0/0 12:07 0:00 1:36
Radek Bonk 0 0 0 -3 0 3 1 2 0 1 17/33 23:20 3:32 5:40
Tim Ramholt 0 0 0 -2 0 0 2 3 0 2 0/0 18:15 1:55 3:33
Tyler Haskins 0 0 0 0 0 0 2 0 0 0 1/4 9:04 0:00 0:00
Players Stats for Loups
Player Name G A P +/- PIM S H SB GA TA FO MP PP MP PK MP
------------------------------------------------------------------------------------
Aaron Rome 0 0 0 1 0 1 2 0 0 0 0/0 12:44 0:00 0:32
Benn Ferriero 0 0 0 0 0 3 1 1 0 0 3/5 12:15 0:00 0:42
Cody Almond 0 0 0 1 0 0 1 0 0 0 0/0 7:38 0:18 0:00
Darroll Powe 0 1 1 0 2 4 2 2 2 0 16/31 21:25 4:52 3:24
Garnet Exelby 0 1 1 1 0 4 1 0 0 0 0/0 21:03 3:57 1:43
Jack Skille 2 1 3 3 0 4 5 0 0 0 0/0 15:36 4:14 0:00
Jakub Voracek 1 0 1 0 0 1 2 1 1 1 0/0 18:01 4:52 0:00
Jarret Stoll 2 3 5 3 0 3 6 2 0 0 9/16 18:28 4:14 1:30
Jesse Joensuu 0 0 0 0 0 0 0 0 0 0 0/1 11:33 0:00 0:00
Jonathan Tremblay 0 0 0 1 2 1 3 0 2 0 0/0 8:10 0:18 0:00
Karlis Skrastins 0 0 0 1 2 0 0 7 0 1 0/0 22:34 5:16 1:22
Mike Weaver 0 1 1 1 2 0 0 1 0 1 0/0 11:39 0:05 0:00
Nigel Dawes 0 1 1 0 0 4 1 0 0 0 1/2 21:26 4:52 3:25
Sheldon Brookbank 0 2 2 2 0 2 1 0 1 0 0/0 27:22 5:27 3:54
Steve Kariya 0 0 0 1 0 1 1 0 0 0 0/0 7:58 0:18 0:20
Troy Brouwer 2 3 5 3 2 5 1 0 0 0 0/0 15:25 4:14 0:00
Vladimir Orszagh 0 0 0 0 0 1 3 0 2 1 0/0 13:13 0:00 1:17
Zbynek Michalek 0 0 0 2 0 1 2 0 0 0 0/0 24:54 4:03 3:54
3 Stars
1 - Jarret Stoll (Tou)
2 - Troy Brouwer (Tou)
3 - Jack Skille (Tou)
Power Play
Tamiflu - 1 on 4 Attempt(s) - 25,00%
Loups - 3 on 6 Attempt(s) - 50,00%
Penalty Kill
Tamiflu - 3 on 6 Attempt(s) - 50,00%
- Score 0 goal in Penalty Kill
Loups - 3 on 4 Attempt(s) - 75,00%
- Score 0 goal in Penalty Kill
Official
Referees : McCreary Bill and Peel Tim
Linesman : Steve Miller and Tim Nowak
Game Notes
7:07 of 1st period - Tamiflu goal is going for a video replay. After video review, No Goal. The goalkeeper has been pushed into the net together with the puck after making a save.
Tamiflu
5 vs 5 Forward
Center Left Wing Right Wing Time % Phy DF OF
1 Radek Bonk Marcel Hossa Petr Pohl 40 1 2 2
2 Nate Thompson Alex Picard Mike Brown 30 1 2 2
3 Greg Mauldin Jani Rita Pierre Dagenais 20 1 2 2
4 Tyler Haskins Matt Murley David Clarkson 10 1 2 2
5 vs 5 Defense
Defense Defense Time % Phy DF OF
1 Jonathan Sigalet Maxim Kondratiev 40 1 2 2
2 Tim Ramholt Pavel Trnka 30 1 2 2
3 Nathan Oystrick Kyle Lawson 20 1 2 2
4 Jonathan Sigalet Maxim Kondratiev 10 1 2 2
PowerPlay Forward
Center Left Wing Right Wing Time % Phy DF OF
1 Radek Bonk Marcel Hossa Petr Pohl 60 1 2 2
2 Nate Thompson Alex Picard Mike Brown 40 1 2 2
PowerPlay Defense
Defense Defense Time % Phy DF OF
1 Jonathan Sigalet Maxim Kondratiev 60 1 2 2
2 Tim Ramholt Pavel Trnka 40 1 2 2
Penalty Kill 4 Players Forward
Center Wing Time % Phy DF OF
1 Radek Bonk Alex Picard 60 1 2 2
2 Nate Thompson David Clarkson 40 1 2 2
Penalty Kill 4 Players Defense
Defense Defense Time % Phy DF OF
1 Pavel Trnka Maxim Kondratiev 60 1 2 2
2 Jonathan Sigalet Tim Ramholt 40 1 2 2
Penalty Kill - 3 Players Forward
Forward Time % Phy DF OF
1 Radek Bonk 60 1 2 2
2 Nate Thompson 40 1 2 2
Penalty Kill - 3 Players Defense
Defense Defense Time % Phy DF OF
1 Pavel Trnka Maxim Kondratiev 60 1 2 2
2 Jonathan Sigalet Tim Ramholt 40 1 2 2
4 vs 4 Forward
Center Wing Time % Phy DF OF
1 Radek Bonk Marcel Hossa 60 1 2 2
2 Nate Thompson Alex Picard 40 1 2 2
4 vs 4 Defense
Defense Defense Time % Phy DF OF
1 Jonathan Sigalet Maxim Kondratiev 60 1 2 2
2 Tim Ramholt Pavel Trnka 40 1 2 2
Last Minutes Offensive
Center Left Wing Right Wing Defense Defense
Radek Bonk Marcel Hossa Pierre Dagenais Jonathan Sigalet Maxim Kondratiev
Last Minutes Defensive
Center Left Wing Right Wing Defense Defense
Radek Bonk Alex Picard Pierre Dagenais Tim Ramholt Maxim Kondratiev
Goaltenders
Starting : Corey Crawford
Backup : Jussi Markkanen
Extra Forwards
Normal : Greg Mauldin, Tyler Haskins, Pierre Dagenais - PP : Pierre Dagenais, Greg Mauldin - PK : Pierre Dagenais
Extra Defensemen
Normal : Nathan Oystrick, Kyle Lawson, Maxim Kondratiev - PP : Nathan Oystrick - PK : Nathan Oystrick, Kyle Lawson
Penalty Shots
Radek Bonk, Pierre Dagenais, Marcel Hossa, Alex Picard, Jani Rita
Loups
5 vs 5 Forward
Center Left Wing Right Wing Time % Phy DF OF
1 Darroll Powe Nigel Dawes Jakub Voracek 34 1 2 2
2 Jarret Stoll Troy Brouwer Jack Skille 34 1 2 2
3 Benn Ferriero Jesse Joensuu Vladimir Orszagh 22 1 2 2
4 Cody Almond Steve Kariya Jonathan Tremblay 10 1 2 2
5 vs 5 Defense
Defense Defense Time % Phy DF OF
1 Zbynek Michalek Sheldon Brookbank 36 1 2 2
2 Karlis Skrastins Garnet Exelby 34 1 2 2
3 Mike Weaver Aaron Rome 20 1 2 2
4 Karlis Skrastins Sheldon Brookbank 10 1 2 2
PowerPlay Forward
Center Left Wing Right Wing Time % Phy DF OF
1 Darroll Powe Nigel Dawes Jakub Voracek 60 1 0 4
2 Jarret Stoll Troy Brouwer Jack Skille 40 1 0 4
PowerPlay Defense
Defense Defense Time % Phy DF OF
1 Karlis Skrastins Sheldon Brookbank 60 1 1 3
2 Zbynek Michalek Garnet Exelby 40 1 1 3
Penalty Kill 4 Players Forward
Center Wing Time % Phy DF OF
1 Darroll Powe Nigel Dawes 60 1 2 2
2 Jarret Stoll Vladimir Orszagh 40 1 2 2
Penalty Kill 4 Players Defense
Defense Defense Time % Phy DF OF
1 Zbynek Michalek Sheldon Brookbank 60 1 2 2
2 Karlis Skrastins Garnet Exelby 40 1 2 2
Penalty Kill - 3 Players Forward
Forward Time % Phy DF OF
1 Darroll Powe 60 1 2 2
2 Nigel Dawes 40 1 2 2
Penalty Kill - 3 Players Defense
Defense Defense Time % Phy DF OF
1 Zbynek Michalek Sheldon Brookbank 60 1 2 2
2 Karlis Skrastins Garnet Exelby 40 1 2 2
4 vs 4 Forward
Center Wing Time % Phy DF OF
1 Darroll Powe Nigel Dawes 50 1 2 2
2 Jarret Stoll Jakub Voracek 50 1 2 2
4 vs 4 Defense
Defense Defense Time % Phy DF OF
1 Zbynek Michalek Sheldon Brookbank 60 1 2 2
2 Aaron Rome Garnet Exelby 40 1 2 2
Last Minutes Offensive
Center Left Wing Right Wing Defense Defense
Darroll Powe Nigel Dawes Jack Skille Karlis Skrastins Sheldon Brookbank
Last Minutes Defensive
Center Left Wing Right Wing Defense Defense
Darroll Powe Nigel Dawes Vladimir Orszagh Karlis Skrastins Sheldon Brookbank
Goaltenders
Starting : Michael Leighton
Backup : Dany Sabourin
Extra Forwards
Normal : Jack Skille, Jakub Voracek, Benn Ferriero - PP : Jack Skille, Nigel Dawes - PK : Benn Ferriero
Extra Defensemen
Normal : Mike Weaver, Aaron Rome, Sheldon Brookbank - PP : Mike Weaver - PK : Aaron Rome, Sheldon Brookbank
Penalty Shots
Jack Skille, Nigel Dawes, Darroll Powe, Steve Kariya, Vladimir Orszagh
% Time on Ice - Tamiflu
Lines # - Real PCT - Wanted PCT - Time Play
Normal Forward
1 - 33% - 40% - 14:05
2 - 23% - 30% - 9:40
3 - 24% - 20% - 10:10
4 - 20% - 10% - 8:34
Normal Defense
1 - 39% - 40% - 16:31
2 - 31% - 30% - 13:00
3 - 28% - 20% - 11:51
4 - 3% - 10% - 1:07
PP Forward
1 - 63% - 60% - 3:32
2 - 37% - 40% - 2:05
PP Defense
1 - 66% - 60% - 3:42
2 - 34% - 40% - 1:55
PK Forward
1 - 74% - 60% - 6:56
2 - 26% - 40% - 2:28
PK Defense
1 - 62% - 60% - 5:51
2 - 38% - 40% - 3:33
PK3 Forward
1 - 0% - 60%
2 - 0% - 40%
PK3 Defense
1 - 0% - 60%
2 - 0% - 40%
44 Forward
1 - 86% - 60% - 2:09
2 - 14% - 40% - 0:21
44 Defense
1 - 83% - 60% - 2:04
2 - 17% - 40% - 0:26
Last Minute Offensive - 0:00
Last Minute Defensive - 0:00
Total
Forward - 60:00
Defense - 60:00
|
% Time on Ice - Loups
Lines # - Real PCT - Wanted PCT - Time Play
Normal Forward
1 - 29% - 34% - 12:12
2 - 28% - 34% - 11:45
3 - 27% - 22% - 11:33
4 - 16% - 10% - 6:59
Normal Defense
1 - 37% - 36% - 15:42
2 - 35% - 34% - 14:46
3 - 27% - 20% - 11:28
4 - 1% - 10% - 0:33
PP Forward
1 - 55% - 60% - 5:10
2 - 45% - 40% - 4:14
PP Defense
1 - 58% - 60% - 5:27
2 - 42% - 40% - 3:57
PK Forward
1 - 75% - 60% - 3:56
2 - 25% - 40% - 1:17
PK Defense
1 - 67% - 60% - 3:30
2 - 33% - 40% - 1:43
PK3 Forward
1 - 100% - 60% - 0:24
2 - 0% - 40% - 0:00
PK3 Defense
1 - 100% - 60% - 0:24
2 - 0% - 40% - 0:00
44 Forward
1 - 52% - 50% - 1:18
2 - 48% - 50% - 1:12
44 Defense
1 - 77% - 60% - 1:55
2 - 23% - 40% - 0:35
Last Minute Offensive - 0:00
Last Minute Defensive - 0:00
Total
Forward - 60:00
Defense - 60:00
|
Play by Play
1st period
0:01 of 1st period - Radek Bonk wins face-off versus Darroll Powe in neutral zone.
0:52 of 1st period - Benn Ferriero is hit by Tim Ramholt and loses puck.
1:01 of 1st period - Pavel Trnka is hit by Sheldon Brookbank.
1:21 of 1st period - Wrist shot by Steve Kariya.
1:21 of 1st period - Deflect By Pavel Trnka.
1:21 of 1st period - Stopped by Corey Crawford without a rebound.
1:22 of 1st period - Jarret Stoll wins face-off versus Radek Bonk in Tamiflu zone.
1:37 of 1st period - Slapshot by Marcel Hossa.
1:37 of 1st period - Shot Misses the Net.
1:43 of 1st period - Kyle Lawson is hit by Jarret Stoll.
1:53 of 1st period - Darroll Powe is hit by Mike Brown and loses puck.
1:58 of 1st period - Slapshot by Mike Brown.
1:58 of 1st period - Stopped by Michael Leighton without a rebound.
1:59 of 1st period - Darroll Powe wins face-off versus Nate Thompson in Loups zone.
2:06 of 1st period - Slapshot by Garnet Exelby.
2:06 of 1st period - Stopped by Corey Crawford with a rebound.
2:08 of 1st period - Wrist shot by Darroll Powe.
2:08 of 1st period - Stopped by Corey Crawford without a rebound.
2:09 of 1st period - Radek Bonk wins face-off versus Darroll Powe in Tamiflu zone.
2:34 of 1st period - Karlis Skrastins is hit by Greg Mauldin and loses puck.
2:43 of 1st period - Wrist shot by Darroll Powe.
2:43 of 1st period - Stopped by Corey Crawford with a rebound.
2:51 of 1st period - Wrist shot by Nigel Dawes.
2:51 of 1st period - Deflect By Darroll Powe.
2:51 of 1st period - Stopped by Corey Crawford without a rebound.
2:52 of 1st period - Nate Thompson wins face-off versus Jarret Stoll in Tamiflu zone.
2:52 of 1st period - Nate Thompson is hit by Jack Skille.
2:58 of 1st period - Snap shot by Jarret Stoll.
2:58 of 1st period - Shot Blocked by Tim Ramholt.
3:02 of 1st period - Backhand shot by Troy Brouwer.
3:02 of 1st period - Stopped by Corey Crawford with a rebound.
3:04 of 1st period - Slapshot by Jarret Stoll.
3:04 of 1st period - Goal by Jarret Stoll - Tamiflu : 0 - Loups : 1.
3:05 of 1st period - Radek Bonk wins face-off versus Jesse Joensuu in neutral zone.
3:14 of 1st period - Backhand shot by Marcel Hossa.
3:14 of 1st period - Shot Blocked by Karlis Skrastins.
3:30 of 1st period - Nate Thompson is hit by Jarret Stoll and loses puck.
3:37 of 1st period - Snap shot by Troy Brouwer.
3:37 of 1st period - Shot Misses the Net.
4:44 of 1st period - Wrist shot by Radek Bonk.
4:44 of 1st period - Stopped by Michael Leighton with a rebound.
6:01 of 1st period - Minor Penalty to Troy Brouwer for Holding.
6:02 of 1st period - Darroll Powe wins face-off versus Radek Bonk in Loups zone.
6:46 of 1st period - Tim Ramholt is hit by Zbynek Michalek and loses puck.
7:05 of 1st period - Wrist shot by Alex Picard.
7:05 of 1st period - Shot Misses the Net.
7:07 of 1st period - Slapshot by Pavel Trnka.
7:07 of 1st period - Tamiflu goal is going for a video replay.
7:07 of 1st period - The goal is refused. The goalkeeper has been pushed into the net together with the puck after making a save..
7:08 of 1st period - Darroll Powe wins face-off versus Radek Bonk in Loups zone.
7:29 of 1st period - Minor Penalty to Petr Pohl for Hooking.
7:30 of 1st period - Jarret Stoll wins face-off versus Radek Bonk in Tamiflu zone.
8:01 of 1st period - Penalty to Troy Brouwer is over, Troy Brouwer is back on ice.
8:06 of 1st period - Snap shot by Jarret Stoll.
8:06 of 1st period - Deflect By Jack Skille.
8:06 of 1st period - Shot Misses the Net.
8:06 of 1st period - Puck is out of play.
8:07 of 1st period - Jarret Stoll wins face-off versus Nate Thompson in Tamiflu zone.
8:15 of 1st period - Slapshot by Jarret Stoll.
8:15 of 1st period - Goal by Jarret Stoll - Tamiflu : 0 - Loups : 2.
8:16 of 1st period - Jarret Stoll wins face-off versus Radek Bonk in neutral zone.
8:25 of 1st period - Maxim Kondratiev is hit by Jarret Stoll.
8:41 of 1st period - Maxim Kondratiev is hit by Vladimir Orszagh and loses puck.
9:06 of 1st period - Darroll Powe is hit by Alex Picard and loses puck.
9:41 of 1st period - Slapshot by Jack Skille.
9:41 of 1st period - Stopped by Corey Crawford with a rebound.
9:57 of 1st period - Snap shot by Benn Ferriero.
9:57 of 1st period - Stopped by Corey Crawford with a rebound.
9:59 of 1st period - Wrist shot by Benn Ferriero.
9:59 of 1st period - Stopped by Corey Crawford with a rebound.
10:23 of 1st period - David Clarkson is hit by Jonathan Tremblay and loses puck.
11:04 of 1st period - Tim Ramholt is hit by Garnet Exelby.
11:15 of 1st period - Jarret Stoll is hit by Tim Ramholt and loses puck.
11:32 of 1st period - Snap shot by Vladimir Orszagh.
11:32 of 1st period - Shot Blocked by Radek Bonk.
11:34 of 1st period - Slapshot by Zbynek Michalek.
11:34 of 1st period - Shot Misses the Net.
12:45 of 1st period - Snap shot by Jakub Voracek.
12:45 of 1st period - Shot Blocked by Pavel Trnka.
13:41 of 1st period - Wrist shot by Troy Brouwer.
13:41 of 1st period - Shot Misses the Net.
13:43 of 1st period - Snap shot by Jack Skille.
13:43 of 1st period - Shot Misses the Net.
14:29 of 1st period - Nathan Oystrick is hit by Jonathan Tremblay and loses puck.
14:46 of 1st period - Wrist shot by Alex Picard.
14:46 of 1st period - Shot Misses the Net.
15:10 of 1st period - Vladimir Orszagh is hit by Maxim Kondratiev and loses puck.
15:39 of 1st period - Jonathan Sigalet is hit by Jarret Stoll and loses puck.
15:52 of 1st period - Alex Picard is hit by Zbynek Michalek and loses puck.
15:59 of 1st period - Zbynek Michalek is hit by Maxim Kondratiev and loses puck.
16:31 of 1st period - Vladimir Orszagh is hit by Jani Rita and loses puck.
16:42 of 1st period - David Clarkson is hit by Vladimir Orszagh and loses puck.
17:03 of 1st period - Greg Mauldin is hit by Darroll Powe and loses puck.
17:19 of 1st period - Jack Skille is hit by Kyle Lawson and loses puck.
17:32 of 1st period - Mike Brown is hit by Cody Almond and loses puck.
18:06 of 1st period - Sheldon Brookbank is hit by Kyle Lawson and loses puck.
18:21 of 1st period - Mike Brown is hit by Jack Skille and loses puck.
18:26 of 1st period - Snap shot by Jack Skille.
18:26 of 1st period - Shot Misses the Net.
18:28 of 1st period - Snap shot by Sheldon Brookbank.
18:28 of 1st period - Stopped by Corey Crawford with a rebound.
18:30 of 1st period - Slapshot by Aaron Rome.
18:30 of 1st period - Deflect By Jarret Stoll.
18:30 of 1st period - Shot Misses the Net.
18:30 of 1st period - Puck is out of play.
18:31 of 1st period - Radek Bonk wins face-off versus Benn Ferriero in Tamiflu zone.
18:31 of 1st period - Radek Bonk is hit by Aaron Rome.
18:45 of 1st period - Slapshot by Maxim Kondratiev.
18:45 of 1st period - Shot Misses the Net.
18:46 of 1st period - Minor Penalty to Karlis Skrastins for High sticking.
18:47 of 1st period - Marcel Hossa wins face-off versus Darroll Powe in Loups zone.
19:46 of 1st period - Slapshot by Garnet Exelby.
19:46 of 1st period - Stopped by Corey Crawford with a rebound.
19:52 of 1st period - Snap shot by Benn Ferriero.
19:52 of 1st period - Stopped by Corey Crawford with a rebound.
19:54 of 1st period - Slapshot by Garnet Exelby.
19:54 of 1st period - Stopped by Corey Crawford with a rebound.
2nd period
0:01 of 2nd period - Radek Bonk wins face-off versus Darroll Powe in neutral zone.
0:08 of 2nd period - Snap shot by Marcel Hossa.
0:08 of 2nd period - Shot Misses the Net.
0:10 of 2nd period - Backhand shot by Jonathan Sigalet.
0:10 of 2nd period - Stopped by Michael Leighton without a rebound.
0:11 of 2nd period - Darroll Powe wins face-off versus Radek Bonk in Loups zone.
0:21 of 2nd period - Minor Penalty to Darroll Powe for Tripping.
0:22 of 2nd period - Benn Ferriero wins face-off versus Radek Bonk in Loups zone.
0:33 of 2nd period - Sheldon Brookbank is hit by Radek Bonk and loses puck.
0:46 of 2nd period - Penalty to Karlis Skrastins is over, Karlis Skrastins is back on ice.
0:50 of 2nd period - Snap shot by Nate Thompson.
0:50 of 2nd period - Shot Blocked by Karlis Skrastins.
0:52 of 2nd period - Wrist shot by Maxim Kondratiev.
0:52 of 2nd period - Shot Blocked by Jarret Stoll.
0:56 of 2nd period - Wrist shot by Mike Brown.
0:56 of 2nd period - Goal by Mike Brown - Tamiflu : 1 - Loups : 2.
0:57 of 2nd period - Petr Pohl wins face-off versus Jarret Stoll in neutral zone.
1:00 of 2nd period - Zbynek Michalek is hit by Maxim Kondratiev and loses puck.
1:12 of 2nd period - Wrist shot by Jarret Stoll.
1:12 of 2nd period - Deflect By Jack Skille.
1:12 of 2nd period - Goal by Jack Skille - Tamiflu : 1 - Loups : 3.
1:13 of 2nd period - Radek Bonk wins face-off versus Jarret Stoll in neutral zone.
1:19 of 2nd period - Icing by Zbynek Michalek.
1:20 of 2nd period - Jarret Stoll wins face-off versus Petr Pohl in Loups zone.
1:20 of 2nd period - Jarret Stoll is hit by Maxim Kondratiev.
1:21 of 2nd period - Minor Penalty to Marcel Hossa for Hooking.
1:22 of 2nd period - Radek Bonk wins face-off versus Darroll Powe in Tamiflu zone.
1:34 of 2nd period - Off-side.
1:35 of 2nd period - Darroll Powe wins face-off versus Radek Bonk in neutral zone.
1:40 of 2nd period - Wrist shot by Darroll Powe.
1:40 of 2nd period - Deflect By Pavel Trnka.
1:40 of 2nd period - Shot Blocked by Radek Bonk.
1:40 of 2nd period - Puck is out of play.
1:41 of 2nd period - Darroll Powe wins face-off versus Radek Bonk in Tamiflu zone.
3:21 of 2nd period - Penalty to Marcel Hossa is over, Marcel Hossa is back on ice.
3:39 of 2nd period - Slapshot by Sheldon Brookbank.
3:39 of 2nd period - Stopped by Corey Crawford with a rebound.
3:49 of 2nd period - Mike Weaver is hit by Pierre Dagenais and loses puck.
5:15 of 2nd period - Snap shot by Darroll Powe.
5:15 of 2nd period - Stopped by Corey Crawford with a rebound.
5:17 of 2nd period - Snap shot by Nigel Dawes.
5:17 of 2nd period - Stopped by Corey Crawford with a rebound.
5:29 of 2nd period - Aaron Rome is hit by Jonathan Sigalet and loses puck.
5:53 of 2nd period - Benn Ferriero is hit by Greg Mauldin and loses puck.
6:10 of 2nd period - Karlis Skrastins is hit by Jonathan Sigalet and loses puck.
6:25 of 2nd period - Snap shot by Jarret Stoll.
6:25 of 2nd period - Shot Misses the Net.
6:27 of 2nd period - Snap shot by Jack Skille.
6:27 of 2nd period - Stopped by Corey Crawford with a rebound.
6:29 of 2nd period - Slapshot by Troy Brouwer.
6:29 of 2nd period - Stopped by Corey Crawford with a rebound.
6:31 of 2nd period - Slapshot by Jarret Stoll.
6:31 of 2nd period - Stopped by Corey Crawford with a rebound.
6:33 of 2nd period - Wrist shot by Jack Skille.
6:33 of 2nd period - Goal by Jack Skille - Tamiflu : 1 - Loups : 4.
6:34 of 2nd period - Radek Bonk wins face-off versus Darroll Powe in neutral zone.
7:01 of 2nd period - Jarret Stoll is hit by Alex Picard and loses puck.
7:21 of 2nd period - Jonathan Sigalet is hit by Aaron Rome.
7:41 of 2nd period - Slapshot by Darroll Powe.
7:41 of 2nd period - Shot Misses the Net.
8:03 of 2nd period - Petr Pohl is hit by Jack Skille and loses puck.
8:10 of 2nd period - Snap shot by Nathan Oystrick.
8:10 of 2nd period - Shot Blocked by Karlis Skrastins.
9:24 of 2nd period - Minor Penalty to Jonathan Tremblay for High sticking.
9:25 of 2nd period - Darroll Powe wins face-off versus Radek Bonk in Loups zone.
9:25 of 2nd period - Darroll Powe is hit by Petr Pohl.
9:35 of 2nd period - Wrist shot by Radek Bonk.
9:35 of 2nd period - Shot Blocked by Karlis Skrastins.
9:37 of 2nd period - Snap shot by Marcel Hossa.
9:37 of 2nd period - Stopped by Michael Leighton with a rebound.
9:39 of 2nd period - Slapshot by Jonathan Sigalet.
9:39 of 2nd period - Deflect By Marcel Hossa.
9:39 of 2nd period - Shot Misses the Net.
9:39 of 2nd period - Puck is out of play.
9:40 of 2nd period - Darroll Powe wins face-off versus Radek Bonk in Loups zone.
9:46 of 2nd period - Icing by Maxim Kondratiev.
9:47 of 2nd period - Darroll Powe wins face-off versus Radek Bonk in Tamiflu zone.
10:11 of 2nd period - Off-side.
10:12 of 2nd period - Nate Thompson wins face-off versus Jarret Stoll in neutral zone.
11:22 of 2nd period - Snap shot by Sheldon Brookbank.
11:22 of 2nd period - Deflect By Vladimir Orszagh.
11:22 of 2nd period - Stopped by Corey Crawford with a rebound.
11:24 of 2nd period - Penalty to Jonathan Tremblay is over, Jonathan Tremblay is back on ice.
11:38 of 2nd period - Snap shot by David Clarkson.
11:38 of 2nd period - Shot Misses the Net.
11:40 of 2nd period - Wrist shot by Nathan Oystrick.
11:40 of 2nd period - Shot Misses the Net.
11:42 of 2nd period - Wrist shot by David Clarkson.
11:42 of 2nd period - Shot Blocked by Karlis Skrastins.
11:44 of 2nd period - Slapshot by Nathan Oystrick.
11:44 of 2nd period - Shot Blocked by Karlis Skrastins.
11:46 of 2nd period - Snap shot by Kyle Lawson.
11:46 of 2nd period - Shot Blocked by Karlis Skrastins.
11:48 of 2nd period - Snap shot by Matt Murley.
11:48 of 2nd period - Shot Misses the Net.
11:50 of 2nd period - Slapshot by Nathan Oystrick.
11:50 of 2nd period - Shot Misses the Net.
12:30 of 2nd period - Pierre Dagenais is hit by Jack Skille and loses puck.
12:32 of 2nd period - Minor Penalty to Jani Rita for Holding.
12:33 of 2nd period - Darroll Powe wins face-off versus Alex Picard in Tamiflu zone.
12:52 of 2nd period - Pavel Trnka is hit by Nigel Dawes and loses puck.
13:09 of 2nd period - Snap shot by Troy Brouwer.
13:09 of 2nd period - Stopped by Corey Crawford with a rebound.
14:25 of 2nd period - Radek Bonk is hit by Jonathan Tremblay and loses puck.
14:32 of 2nd period - Penalty to Jani Rita is over, Jani Rita is back on ice.
14:32 of 2nd period - Wrist shot by Steve Kariya.
14:32 of 2nd period - Shot Blocked by Jonathan Sigalet.
14:42 of 2nd period - Slapshot by Marcel Hossa.
14:42 of 2nd period - Shot Blocked by Mike Weaver.
14:44 of 2nd period - Slapshot by Jonathan Sigalet.
14:44 of 2nd period - Stopped by Michael Leighton with a rebound.
14:48 of 2nd period - Wrist shot by Marcel Hossa.
14:48 of 2nd period - Shot Misses the Net.
14:50 of 2nd period - Slapshot by Marcel Hossa.
14:50 of 2nd period - Shot Blocked by Benn Ferriero.
14:52 of 2nd period - Snap shot by Radek Bonk.
14:52 of 2nd period - Stopped by Michael Leighton with a rebound.
14:54 of 2nd period - Wrist shot by Radek Bonk.
14:54 of 2nd period - Stopped by Michael Leighton with a rebound.
14:56 of 2nd period - Slapshot by Radek Bonk.
14:56 of 2nd period - Shot Misses the Net.
14:58 of 2nd period - Wrist shot by Marcel Hossa.
14:58 of 2nd period - Shot Misses the Net.
15:00 of 2nd period - Slapshot by Marcel Hossa.
15:00 of 2nd period - Stopped by Michael Leighton with a rebound.
15:30 of 2nd period - Snap shot by Marcel Hossa.
15:30 of 2nd period - Stopped by Michael Leighton without a rebound.
15:31 of 2nd period - Nate Thompson wins face-off versus Darroll Powe in Loups zone.
15:40 of 2nd period - Snap shot by Darroll Powe.
15:40 of 2nd period - Shot Misses the Net.
15:56 of 2nd period - Troy Brouwer is hit by David Clarkson and loses puck.
16:44 of 2nd period - Snap shot by Jani Rita.
16:44 of 2nd period - Shot Misses the Net.
16:46 of 2nd period - Snap shot by Mike Brown.
16:46 of 2nd period - Stopped by Michael Leighton without a rebound.
16:47 of 2nd period - Darroll Powe wins face-off versus Nate Thompson in Loups zone.
17:08 of 2nd period - Darroll Powe is hit by Nate Thompson and loses puck.
17:17 of 2nd period - Snap shot by Alex Picard.
17:17 of 2nd period - Stopped by Michael Leighton with a rebound.
17:19 of 2nd period - Snap shot by Alex Picard.
17:19 of 2nd period - Stopped by Michael Leighton without a rebound.
17:20 of 2nd period - Jarret Stoll wins face-off versus Tyler Haskins in Loups zone.
17:47 of 2nd period - Jonathan Sigalet is hit by Benn Ferriero and loses puck.
17:53 of 2nd period - Minor Penalty to Mike Weaver for Hooking.
17:53 of 2nd period - Minor Penalty to Jonathan Sigalet for Hooking.
17:54 of 2nd period - Radek Bonk wins face-off versus Darroll Powe in neutral zone.
18:07 of 2nd period - Slapshot by Zbynek Michalek.
18:07 of 2nd period - Stopped by Corey Crawford without a rebound.
18:08 of 2nd period - Jarret Stoll wins face-off versus Radek Bonk in Tamiflu zone.
18:23 of 2nd period - Wrist shot by Marcel Hossa.
18:23 of 2nd period - Stopped by Michael Leighton without a rebound.
18:24 of 2nd period - Radek Bonk wins face-off versus Darroll Powe in Loups zone.
18:27 of 2nd period - Snap shot by Marcel Hossa.
18:27 of 2nd period - Stopped by Michael Leighton without a rebound.
18:28 of 2nd period - Marcel Hossa wins face-off versus Darroll Powe in Loups zone.
18:31 of 2nd period - Slapshot by Marcel Hossa.
18:31 of 2nd period - Stopped by Michael Leighton with a rebound.
18:33 of 2nd period - Slapshot by Nathan Oystrick.
18:33 of 2nd period - Stopped by Michael Leighton with a rebound.
18:35 of 2nd period - Snap shot by Marcel Hossa.
18:35 of 2nd period - Shot Misses the Net.
18:37 of 2nd period - Snap shot by Maxim Kondratiev.
18:37 of 2nd period - Shot Blocked by Darroll Powe.
18:39 of 2nd period - Slapshot by Maxim Kondratiev.
18:39 of 2nd period - Stopped by Michael Leighton without a rebound.
18:40 of 2nd period - Radek Bonk wins face-off versus Jarret Stoll in Loups zone.
19:51 of 2nd period - Wrist shot by Greg Mauldin.
19:51 of 2nd period - Stopped by Michael Leighton without a rebound.
19:52 of 2nd period - Nigel Dawes wins face-off versus Greg Mauldin in Loups zone.
19:53 of 2nd period - Penalty to Mike Weaver is over, Mike Weaver is back on ice.
19:53 of 2nd period - Penalty to Jonathan Sigalet is over, Jonathan Sigalet is back on ice.
19:57 of 2nd period - Slapshot by Zbynek Michalek.
19:57 of 2nd period - Shot Misses the Net.
19:59 of 2nd period - Wrist shot by Nigel Dawes.
19:59 of 2nd period - Stopped by Corey Crawford without a rebound.
3rd period
0:01 of 3rd period - Darroll Powe wins face-off versus Radek Bonk in neutral zone.
0:46 of 3rd period - Snap shot by David Clarkson.
0:46 of 3rd period - Stopped by Michael Leighton with a rebound.
0:48 of 3rd period - Wrist shot by David Clarkson.
0:48 of 3rd period - Stopped by Michael Leighton without a rebound.
0:49 of 3rd period - Benn Ferriero wins face-off versus Tyler Haskins in Loups zone.
0:54 of 3rd period - Slapshot by Garnet Exelby.
0:54 of 3rd period - Shot Blocked by David Clarkson.
1:09 of 3rd period - Minor Penalty to Petr Pohl for Slashing.
1:10 of 3rd period - Radek Bonk wins face-off versus Darroll Powe in Tamiflu zone.
1:35 of 3rd period - Pavel Trnka is hit by Jarret Stoll.
1:47 of 3rd period - Snap shot by Nate Thompson.
1:47 of 3rd period - Shot Blocked by Jarret Stoll.
3:09 of 3rd period - Penalty to Petr Pohl is over, Petr Pohl is back on ice.
3:33 of 3rd period - Icing by Nathan Oystrick.
3:34 of 3rd period - Benn Ferriero wins face-off versus Greg Mauldin in Tamiflu zone.
3:41 of 3rd period - Snap shot by Nathan Oystrick.
3:41 of 3rd period - Deflect By Benn Ferriero.
3:41 of 3rd period - Stopped by Michael Leighton with a rebound.
3:57 of 3rd period - Snap shot by Alex Picard.
3:57 of 3rd period - Shot Misses the Net.
4:58 of 3rd period - Snap shot by Petr Pohl.
4:58 of 3rd period - Stopped by Michael Leighton without a rebound.
4:59 of 3rd period - Tyler Haskins wins face-off versus Darroll Powe in Loups zone.
5:24 of 3rd period - Jonathan Sigalet is hit by Jack Skille and loses puck.
5:37 of 3rd period - Slapshot by Troy Brouwer.
5:37 of 3rd period - Goal by Troy Brouwer - Tamiflu : 1 - Loups : 5.
5:38 of 3rd period - Darroll Powe wins face-off versus Tyler Haskins in neutral zone.
5:41 of 3rd period - Slapshot by Sheldon Brookbank.
5:41 of 3rd period - Shot Misses the Net.
5:43 of 3rd period - Snap shot by Nigel Dawes.
5:43 of 3rd period - Stopped by Corey Crawford with a rebound.
6:10 of 3rd period - Sheldon Brookbank is hit by Pavel Trnka.
6:58 of 3rd period - Jesse Joensuu is hit by Tyler Haskins and loses puck.
8:08 of 3rd period - Slapshot by Karlis Skrastins.
8:08 of 3rd period - Shot Blocked by Tim Ramholt.
8:38 of 3rd period - Jonathan Tremblay is hit by Kyle Lawson and loses puck.
9:04 of 3rd period - Mike Weaver is hit by Tyler Haskins and loses puck.
9:09 of 3rd period - Snap shot by Matt Murley.
9:09 of 3rd period - Shot Misses the Net.
10:05 of 3rd period - Benn Ferriero is hit by Pierre Dagenais and loses puck.
10:31 of 3rd period - David Clarkson is hit by Jarret Stoll and loses puck.
11:02 of 3rd period - Jani Rita is hit by Steve Kariya and loses puck.
11:14 of 3rd period - Cody Almond is hit by Jonathan Sigalet and loses puck.
11:20 of 3rd period - Minor Penalty to Pavel Trnka for Hooking.
11:21 of 3rd period - Darroll Powe wins face-off versus Radek Bonk in Tamiflu zone.
11:22 of 3rd period - Snap shot by Nigel Dawes.
11:22 of 3rd period - Stopped by Corey Crawford with a rebound.
11:46 of 3rd period - Radek Bonk is hit by Troy Brouwer and loses puck.
11:53 of 3rd period - Wrist shot by Jarret Stoll.
11:53 of 3rd period - Shot Blocked by Tim Ramholt.
11:55 of 3rd period - Snap shot by Troy Brouwer.
11:55 of 3rd period - Goal by Troy Brouwer - Tamiflu : 1 - Loups : 6.
11:56 of 3rd period - Darroll Powe wins face-off versus Radek Bonk in neutral zone.
12:08 of 3rd period - Off-side.
12:09 of 3rd period - Jarret Stoll wins face-off versus Nate Thompson in neutral zone.
13:23 of 3rd period - Snap shot by Jonathan Tremblay.
13:23 of 3rd period - Stopped by Corey Crawford with a rebound.
14:04 of 3rd period - David Clarkson is hit by Jakub Voracek and loses puck.
14:36 of 3rd period - Backhand shot by Mike Brown.
14:36 of 3rd period - Shot Misses the Net.
14:38 of 3rd period - Backhand shot by Kyle Lawson.
14:38 of 3rd period - Stopped by Michael Leighton without a rebound.
14:39 of 3rd period - Jarret Stoll wins face-off versus Mike Brown in Loups zone.
15:13 of 3rd period - Marcel Hossa is hit by Darroll Powe.
15:26 of 3rd period - Off-side.
15:27 of 3rd period - Greg Mauldin wins face-off versus Benn Ferriero in neutral zone.
16:17 of 3rd period - Snap shot by Pierre Dagenais.
16:17 of 3rd period - Shot Blocked by Jakub Voracek.
16:19 of 3rd period - Snap shot by Pierre Dagenais.
16:19 of 3rd period - Shot Blocked by Darroll Powe.
16:21 of 3rd period - Snap shot by Greg Mauldin.
16:21 of 3rd period - Stopped by Michael Leighton without a rebound.
16:22 of 3rd period - Marcel Hossa wins face-off versus Jarret Stoll in Loups zone.
16:47 of 3rd period - Kyle Lawson is hit by Vladimir Orszagh and loses puck.
17:10 of 3rd period - Snap shot by Nigel Dawes.
17:10 of 3rd period - Shot Misses the Net.
17:12 of 3rd period - Snap shot by Aaron Rome.
17:12 of 3rd period - Stopped by Corey Crawford without a rebound.
17:13 of 3rd period - Radek Bonk wins face-off versus Darroll Powe in Tamiflu zone.
17:22 of 3rd period - Major Penalty to Petr Pohl for Checking from behind.
17:23 of 3rd period - Radek Bonk wins face-off versus Nigel Dawes in Tamiflu zone.
18:03 of 3rd period - Icing by Jack Skille.
18:04 of 3rd period - Radek Bonk wins face-off versus Jarret Stoll in Loups zone.
18:17 of 3rd period - Slapshot by Garnet Exelby.
18:17 of 3rd period - Stopped by Corey Crawford without a rebound.
18:18 of 3rd period - Radek Bonk wins face-off versus Darroll Powe in Tamiflu zone.
18:31 of 3rd period - Snap shot by Nigel Dawes.
18:31 of 3rd period - Shot Misses the Net.
18:33 of 3rd period - Snap shot by Darroll Powe.
18:33 of 3rd period - Deflect By Jakub Voracek.
18:33 of 3rd period - Shot Blocked by Pavel Trnka.
18:33 of 3rd period - Puck is out of play.
18:34 of 3rd period - Darroll Powe wins face-off versus Alex Picard in Tamiflu zone.
18:37 of 3rd period - Wrist shot by Jakub Voracek.
18:37 of 3rd period - Goal by Jakub Voracek - Tamiflu : 1 - Loups : 7.
18:38 of 3rd period - Radek Bonk wins face-off versus Darroll Powe in neutral zone.
18:51 of 3rd period - Alex Picard is hit by Jakub Voracek and loses puck.
Output by the SimonT Hockey Simulator (STHS) for Pascal Landry -- Original Page W3C XHTML 1.0 Valid